Map: Port Aleksander LE

Players

Gerald - Winner!

  • Race: Protoss Protoss
  • Spawn Location: 11:00

HateMe

  • Race: Zerg Zerg
  • Spawn Location: 5:00

Event: 2019 WCS Spring

VOD

Have the link to the VOD?

Description

Time

  • Played on: May 17, 2019, 1 p.m.
  • Length: 11:29

All games in this series

Show
View Real Time Build Order
Export as new Build Order

Gerald Protoss - Winner!

Build Orders: 1 Gate Expand, Archon Immortal, Archon Drop, Dark Templar Rush 

Get SALT Encoding   

  12  0:00  Probe  
  13  0:12  Probe  
  14  0:20  Pylon  
  14  0:24  Probe  
  15  0:29  Assimilator  
  15  0:37  Probe  
  16  0:44  Gateway  
  16  0:45  Probe  
  17  0:53  Probe  
  18  1:04  Probe  
  19  1:16  Probe  
  20  1:26  Nexus  
  20  1:35  Cybernetics Core  
  20  1:38  Probe  
  21  1:44  Assimilator  
  21  1:51  Probe  
  21  1:54  Pylon  
  22  2:02  Stalker  
  22  2:03  Probe  
  23  2:15  Probe  
  26  2:21  Twilight Council  
  26  2:22  Adept  
  26  2:27  Probe  
  27  2:31  Warp Gate  
  29  2:38  Probe  
  29  2:39  Probe  
  31  2:50  Robotics Facility  
  31  2:51  Probe  
  32  2:55  Probe  
  33  3:03  Probe  
  34  3:06  Gateway  
  34  3:08  Probe  
  35  3:15  Dark Shrine  
  35  3:19  Probe  
  36  3:23  Probe  
  37  3:31  Gateway  
  37  3:33  Probe  
  38  3:34  Warp Prism  
  38  3:39  Probe  
  37  3:46  Gateway  
  39  3:48  Probe  
  39  3:52  Probe  
  39  3:54  Pylon  
  41  3:59  Assimilator  
  41  4:00  Probe  
  42  4:03  Assimilator  
  42  4:04  Probe  
  42  4:09  Warp Prism  
  43  4:10  Pylon  
  45  4:18  Probe  
  45  4:19  Probe  
  47  4:30  Probe  
  47  4:31  Probe  
  49  4:36  Dark Templar  
  49  4:37  Dark Templar x2  
  55  4:41  Dark Templar  
  55  4:43  Probe  
  58  4:48  Probe  
  59  5:04  Pylon  
  59  5:06  Pylon  
  59  5:26  Dark Templar x4  
  59  5:28  Immortal, Probe  
  67  5:30  Pylon  
  67  5:32  Gateway  
  67  5:34  Gateway  
  72  5:45  Charge  
  72  6:00  Immortal  
  72  6:10  Gateway  
  77  6:12  Gateway  
  77  6:13  Zealot x4  
  77  6:15  Pylon  
  77  6:16  Pylon  
  84  6:19  Archon x2  
  84  6:21  Archon  
  84  6:22  Archon  
  84  6:25  Pylon  
  84  6:37  Observer  
  85  6:42  Dark Templar x3  
  85  6:44  Zealot x2, Dark Templar  
  97  6:50  Pylon  
  97  6:59  Archon x2  
  97  7:13  Zealot, Dark Templar x2  
  97  7:14  Zealot  
  105  7:16  Pylon  
  105  7:17  Nexus  
  105  7:25  Archon  
  105  7:27  Zealot x3  
  111  7:31  Pylon  
  111  7:36  Pylon  
  111  7:41  Dark Templar x2  
  111  7:42  Zealot  
  111  7:44  Sentry  
  119  7:45  Archon  
  119  7:47  Zealot  
  119  7:50  Zealot  
  121  8:09  Immortal  
  121  8:10  Zealot x3  
  121  8:11  Zealot  
  133  8:27  Sentry  
  133  8:28  Sentry  
  133  8:29  Zealot x2  
  133  8:34  Probe  
  142  8:36  Probe  
  142  8:37  Stargate  
  142  8:39  Immortal  
  141  9:13  Shield Battery  
  141  9:16  Probe  
  142  9:18  Phoenix, Shield Battery  
  142  9:22  Probe  
  145  9:26  Shield Battery x2  
  145  9:27  Assimilator  
  145  9:28  Assimilator  
  145  9:29  Immortal  
  149  9:32  Dark Templar x2  
  149  9:33  Dark Templar  
  149  9:34  Dark Templar  
  157  9:43  Archon  
  157  9:46  Pylon x2  
  157  9:52  Robotics Bay  
  157  10:04  Phoenix, Probe x3  
  162  10:11  Pylon  
  162  10:12  Pylon  
  162  10:14  Forge  
  162  10:16  Probe  
  162  10:17  Immortal  
  162  10:21  Archon  
  167  10:32  Zealot x5  
  180  11:03  Probe  
  165  11:24  Zealot x8  
Show
View Real Time Build Order
Export as new Build Order

HateMe Zerg 

Build Orders: Hatch First 

Get SALT Encoding   

  12  0:00  Drone  
  13  0:12  Overlord  
  13  0:18  Drone  
  14  0:31  Drone x2  
  16  0:49  Hatchery  
  15  0:52  Drone  
  15  0:56  Drone  
  17  0:59  Drone  
  18  1:10  Extractor  
  17  1:15  Spawning Pool  
  17  1:18  Drone  
  17  1:21  Drone  
  18  1:28  Drone  
  19  1:40  Drone  
  20  1:50  Overlord  
  20  2:02  Queen x2  
  20  2:03  Zergling x4  
  26  2:13  Metabolic Boost, Drone x2  
  28  2:22  Drone x2  
  30  2:37  Hatchery  
  30  2:41  Overlord  
  29  2:48  Drone x2  
  31  2:58  Overlord  
  31  3:00  Queen  
  31  3:02  Drone  
  31  3:03  Drone  
  36  3:05  Drone  
  36  3:17  Overlord  
  36  3:20  Zergling x4  
  36  3:21  Drone x3  
  36  3:24  Drone  
  42  3:29  Drone  
  42  3:35  Drone  
  42  3:37  Spore Crawler  
  42  3:42  Queen  
  42  3:45  Drone x5  
  49  3:54  Queen  
  51  3:57  Lair  
  51  4:05  Overlord  
  51  4:06  Roach Warren  
  51  4:08  Drone  
  51  4:10  Drone x2  
  51  4:12  Drone  
  54  4:17  Extractor  
  54  4:20  Overlord  
  52  4:26  Spore Crawler  
  52  4:30  Drone  
  52  4:31  Drone x4  
  55  4:32  Extractor  
  55  4:36  Overlord  
  55  4:42  Overlord  
  55  4:45  Overlord  
  55  4:46  Roach x4  
  63  4:55  Overseer  
  63  4:59  Roach x2  
  66  5:19  Glial Reconstitution  
  66  5:20  Drone  
  67  5:25  Hatchery, Overlord x2  
  67  5:27  Roach x2  
  70  5:35  Overseer  
  70  5:36  Overseer  
  70  5:39  Roach x2  
  72  5:48  Roach x2  
  69  6:04  Roach x3  
  69  6:05  Roach  
  75  6:22  Overlord  
  75  6:23  Roach x5  
  85  6:29  Hatchery  
  85  6:30  Roach  
  86  6:37  Roach x2  
  90  6:44  Roach  
  91  6:51  Roach x4  
  99  6:55  Queen  
  99  6:59  Queen  
  103  7:13  Drone x5  
  108  7:16  Extractor  
  105  7:24  Spire  
  105  7:26  Overlord  
  104  7:35  Overlord  
  104  7:48  Drone x5  
  104  7:51  Roach x2  
  113  7:52  Overlord  
  113  7:53  Overlord  
  113  7:58  Roach  
  115  8:05  Roach x3  
  111  8:09  Ravager x5  
  110  8:13  Roach  
  110  8:16  Roach  
  114  8:21  Roach x2  
  118  8:28  Roach x2  
  118  8:33  Overlord  
  118  8:34  Overlord  
  122  8:38  Roach  
  122  8:39  Roach  
  126  8:42  Mutalisk  
  126  8:46  Mutalisk  
  130  8:59  Mutalisk  
  132  9:08  Mutalisk  
  132  9:25  Baneling Nest  
  132  9:28  Overlord  
  132  9:29  Roach x4  
  132  9:30  Hatchery  
  138  9:36  Ravager  
  138  9:37  Ravager  
  140  9:40  Overlord  
  140  9:42  Roach x2  
  144  9:49  Roach x3  
  150  9:52  Overlord  
  158  10:07  Roach x4  
  158  10:09  Overlord  
  158  10:20  Zergling x4  
  160  10:27  Zergling x2  
  160  10:28  Zergling x4  
  163  10:36  Overseer  
  163  10:40  Zergling x8  
  167  10:44  Baneling x4  
  167  10:48  Baneling x4  
  167  11:06  Baneling x10  
Tags
 
Add a new tag
Caveats
  • Supply blocks, unpowered buildings, or Contaminate may cause inaccurate times.
  • Supply counts are checked every 10 seconds.